[Event "EYCC 2017"]
[Site "Mamaia"]
[Date "2017.09.06"]
[Round "2"]
[White "Dubovyk, Anastasiia"]
[Black "Cherepanova, Evita"]
[Result "1-0"]
[ECO "C02"]
[WhiteElo "1785"]
[BlackElo "1629"]
[Annotator "NA"]
[PlyCount "149"]
[EventDate "2017.??.??"]
[EventType "swiss"]
[EventCountry "ROU"]
[SourceTitle "playchess.com"]
[Source "ChessBase"]
[SourceQuality "1"]
[TimeControl "40/5400+30:1800+30"]

1. e4 e6 2. d4 d5 3. e5 c5 4. c3 Nc6 5. Nf3 Bd7 6. a3 c4 7. Nbd2 Na5 8. Be2 Ne7 9. O-O Nc8 10. Qe1 Nb6 11. Bd1 Qc7 12. Kh1 O-O-O 13. Bc2 h6 14. Ng1 f5 15. g3 g5 16. Kg2 Be8 17. Ne2 Bh5 18. Rh1 Qf7 19. b4 cxb3 20. Nxb3 Nac4 21. a4 f4 22. Ng1 Bg6 23. Qd1 Be7 24. a5 Nd7 25. Nd2 fxg3 26. hxg3 Rdf8 27. Nh3 Bh5 28. g4 Bg6 29. Bxg6 Qxg6 30. Nxc4 dxc4 31. Qe2 Kb8 32. Ba3 Bxa3 33. Rxa3 h5 34. f3 hxg4 35. fxg4 Rh4 36. Raa1 Rc8 37. Rad1 Nf8 38. Rd2 Qh6 39. Rb2 Ng6 40. Qf3 Rc7 41. Kg1 Rh7 42. a6 b6 43. Nf2 Nf4 44. Qc6 Rxh1+ 45. Qxh1 Qxh1+ 46. Nxh1 Nd5 47. Rf2 Nxc3 48. Rf8+ Kc7 49. Ra8 Kc6 50. Nf2 Ne2+ 51. Kf1 Nxd4 52. Ne4 Kd5 53. Nf6+ Kxe5 54. Nxh7 Nc6 55. Nxg5 b5 56. Rc8 Kd5 57. Nf3 b4 58. Ke2 c3 59. Kd3 e5 60. Re8 e4+ 61. Rxe4 c2 62. Re1 b3 63. Kc3 Nb4 64. Kxb3 Nd3 65. Kxc2 Nb4+ 66. Kc3 Nxa6 67. g5 Nc7 68. g6 Ne6 69. Ng5 Ng7 70. Re7 Nf5 71. Rf7 Nh6 72. g7 a5 73. Rf6 Ng8 74. Rf8 Nh6 75. Rh8 1-0

[Event "EYCC 2017"]
[Site "Mamaia"]
[Date "2017.09.06"]
[Round "2"]
[White "Karavitaki, Evaggelia"]
[Black "Can, Isil"]
[Result "0-1"]
[ECO "C55"]
[WhiteElo "1703"]
[BlackElo "1945"]
[Annotator "NA"]
[PlyCount "78"]
[EventDate "2017.??.??"]
[EventType "swiss"]
[EventCountry "ROU"]
[SourceTitle "playchess.com"]
[Source "ChessBase"]
[SourceQuality "1"]
[TimeControl "40/5400+30:1800+30"]

1. e4 e5 2. Nf3 Nc6 3. d4 exd4 4. Bc4 Nf6 5. e5 d5 6. Bb5 Ne4 7. Nxd4 Bd7 8. Bxc6 bxc6 9. O-O Bc5 10. Be3 Bb6 11. f3 Ng5 12. f4 Ne4 13. Nd2 c5 14. N4b3 Nxd2 15. Qxd2 d4 16. Bf2 Bc6 17. Kh1 Qd5 18. Bg1 O-O-O 19. a4 a5 20. Rf3 c4 21. Nc1 Qxf3 22. gxf3 Bxf3+ 23. Qg2 Bxg2+ 24. Kxg2 d3 25. cxd3 cxd3 26. Nb3 d2 27. Rd1 Bxg1 28. Kxg1 Rd5 29. Rxd2 Rxd2 30. Nxd2 Rd8 31. Nc4 Rd4 32. b3 Rxf4 33. Nxa5 Rf3 34. Kg2 Re3 35. b4 Ra3 36. b5 Rxa4 37. Nc6 Ra2+ 38. Kg3 Rb2 39. Nd4 Rb4 0-1

[Event "EYCC 2017"]
[Site "Mamaia"]
[Date "2017.09.06"]
[Round "2"]
[White "Vetokhin, Savva"]
[Black "Yalcinkaya, Efe"]
[Result "1-0"]
[ECO "D00"]
[WhiteElo "1703"]
[BlackElo "1230"]
[Annotator "NA"]
[PlyCount "103"]
[EventDate "2017.??.??"]
[EventType "swiss"]
[EventCountry "ROU"]
[SourceTitle "playchess.com"]
[Source "ChessBase"]
[SourceQuality "1"]
[TimeControl "40/5400+30:1800+30"]

1. d4 d5 2. Bf4 Nf6 3. e3 e6 4. Bd3 c5 5. c3 Nc6 6. Nd2 Be7 7. h3 O-O 8. Ngf3 c4 9. Bc2 b5 10. O-O Bb7 11. Ne5 a5 12. Ndf3 Nxe5 13. dxe5 Ne4 14. Nd2 Nxd2 15. Qxd2 Qb6 16. Qe2 f6 17. exf6 Bxf6 18. Qh5 g6 19. Qg4 Bg7 20. Qg5 Rae8 21. Be5 Bxe5 22. Qxe5 Qc6 23. f3 b4 24. h4 Qd7 25. Rac1 Qg7 26. Qd6 e5 27. cxb4 Rf6 28. Qc5 Rc8 29. Qb5 Bc6 30. Qxa5 Ra8 31. Qc5 Qb7 32. e4 Rxa2 33. exd5 Bxd5 34. Rfd1 Bxf3 35. gxf3 Qxf3 36. Qd5+ Qxd5 37. Rxd5 Rxb2 38. b5 Rb6 39. Ba4 Rb4 40. Ra1 Rb8 41. Rd6 Rc8 42. Rb6 c3 43. Rc6 Ra8 44. Bb3+ Rxb3 45. Rxa8+ Kg7 46. b6 e4 47. Ra7+ Kh6 48. b7 e3 49. Rxc3 Rxc3 50. b8=Q e2 51. Qf4+ Kh5 52. Qg5# 1-0

[Event "EYCC 2017"]
[Site "Mamaia"]
[Date "2017.09.06"]
[Round "2"]
[White "Sovina, Maria"]
[Black "Wikar, Martyna"]
[Result "1-0"]
[ECO "A43"]
[WhiteElo "1675"]
[BlackElo "1943"]
[Annotator "NA"]
[PlyCount "95"]
[EventDate "2017.??.??"]
[EventType "swiss"]
[EventCountry "ROU"]
[SourceTitle "playchess.com"]
[Source "ChessBase"]
[SourceQuality "1"]
[TimeControl "40/5400+30:1800+30"]

1. d4 c5 2. d5 d6 3. c4 g6 4. Nc3 Bg7 5. e4 Nf6 6. Nf3 O-O 7. h3 e6 8. Bd3 exd5 9. exd5 Re8+ 10. Be3 Bh6 11. Qd2 Qe7 12. O-O-O Bxe3 13. fxe3 Na6 14. Rhe1 Nb4 15. Bb1 Bd7 16. a3 Na6 17. e4 Nh5 18. e5 dxe5 19. Nxe5 Qd6 20. Nxd7 Qxd7 21. g4 Nf6 22. Qf4 Kg7 23. Rf1 Qe7 24. Rf3 Rad8 25. Rdf1 Nd7 26. Qxf7+ Qxf7 27. Rxf7+ Kg8 28. Ne4 Rf8 29. Rxf8+ Rxf8 30. Rxf8+ Kxf8 31. Nd6 b6 32. Nc8 Ne5 33. b3 b5 34. cxb5 Nc7 35. Nxa7 Nxd5 36. Nc6 Nd7 37. a4 Nc7 38. Kd2 Kf7 39. Bd3 h5 40. gxh5 gxh5 41. Bf5 Nb6 42. a5 Nbd5 43. b6 Na6 44. Bd3 Ndb4 45. Nxb4 Nxb4 46. b7 Nc6 47. a6 Ke7 48. a7 1-0

[Event "EYCC 2017"]
[Site "Mamaia"]
[Date "2017.09.06"]
[Round "2"]
[White "Matasaru, Stephanie"]
[Black "Reuter, Elisa"]
[Result "1-0"]
[ECO "B31"]
[WhiteElo "1662"]
[BlackElo "1910"]
[Annotator "NA"]
[PlyCount "87"]
[EventDate "2017.??.??"]
[EventType "swiss"]
[EventCountry "ROU"]
[SourceTitle "playchess.com"]
[Source "ChessBase"]
[SourceQuality "1"]
[TimeControl "40/5400+30:1800+30"]

1. e4 c5 2. Nf3 Nc6 3. Bb5 g6 4. Bxc6 bxc6 5. O-O Bg7 6. Re1 e5 7. c3 d6 8. d4 cxd4 9. cxd4 Bg4 10. dxe5 dxe5 11. Nbd2 Ne7 12. h3 Be6 13. Qc2 O-O 14. Nc4 Qc7 15. Bd2 Bxc4 16. Qxc4 Qb6 17. Bc3 Qc7 18. Bb4 Rac8 19. Rad1 c5 20. Rc1 Nc6 21. Bxc5 Rfd8 22. Be3 Qb7 23. Qe2 Nb4 24. Rxc8 Rxc8 25. a3 Nc2 26. Rc1 Nxe3 27. Rxc8+ Qxc8 28. Qxe3 Qc7 29. Qc3 Qxc3 30. bxc3 f6 31. Kf1 Kf7 32. Ke2 Ke6 33. Nd2 Bf8 34. a4 f5 35. f3 Bc5 36. Nb3 Bb6 37. c4 Kd6 38. Kd3 f4 39. Kc3 a5 40. c5+ Bxc5 41. Nxa5 Bd4+ 42. Kb4 Kc7 43. Kb5 g5 44. Nc6 1-0

[Event "EYCC 2017"]
[Site "Mamaia"]
[Date "2017.09.06"]
[Round "2"]
[White "Verma, Shlok"]
[Black "Tolmacevs, Artjoms"]
[Result "1-0"]
[ECO "A40"]
[WhiteElo "1658"]
[BlackElo "1201"]
[Annotator "NA"]
[PlyCount "91"]
[EventDate "2017.??.??"]
[EventType "swiss"]
[EventCountry "ROU"]
[SourceTitle "playchess.com"]
[Source "ChessBase"]
[SourceQuality "1"]
[TimeControl "40/5400+30:1800+30"]

1. d4 c6 2. Bf4 d5 3. Nf3 Nf6 4. e3 Bf5 5. Bd3 Bxd3 6. cxd3 e6 7. Nc3 Qb6 8. Rb1 Nbd7 9. O-O Be7 10. a3 a5 11. Re1 c5 12. dxc5 Bxc5 13. d4 Bd6 14. Ne5 Qc7 15. Nb5 Qb6 16. Nxd6+ Qxd6 17. Nxf7 Qf8 18. Nxh8 Qxh8 19. Qb3 Ra7 20. Rec1 Kf7 21. Rc7 Qa8 22. Rbc1 Ke7 23. Rc8 Qxc8 24. Rxc8 b6 25. Bg5 Rb7 26. Bxf6+ Nxf6 27. Qc3 Nd7 28. Qc6 Ra7 29. Ra8 Rxa8 30. Qxa8 h6 31. b4 axb4 32. axb4 Kf7 33. Qb7 Ke7 34. Kf1 g6 35. Ke2 Kd6 36. Kd3 e5 37. Kc3 e4 38. b5 Ke7 39. Qxd5 Nf6 40. Qb7+ Kd8 41. Qxb6+ Ke7 42. Qxf6+ Kd7 43. b6 Ke8 44. Qg7 Kd8 45. b7 Ke8 46. b8=R# 1-0

[Event "EYCC 2017"]
[Site "Mamaia"]
[Date "2017.09.06"]
[Round "2"]
[White "Gaj, Magdalena"]
[Black "Trifoi, Mihaela-Ioana"]
[Result "0-1"]
[ECO "D35"]
[WhiteElo "1657"]
[BlackElo "1864"]
[Annotator "NA"]
[PlyCount "74"]
[EventDate "2017.??.??"]
[EventType "swiss"]
[EventCountry "ROU"]
[SourceTitle "playchess.com"]
[Source "ChessBase"]
[SourceQuality "1"]
[TimeControl "40/5400+30:1800+30"]

1. d4 d5 2. c4 e6 3. Nc3 Nf6 4. cxd5 exd5 5. Bg5 Be7 6. Nf3 c6 7. Qc2 Be6 8. e3 Nbd7 9. Bd3 O-O 10. O-O h6 11. Bh4 Rc8 12. Rab1 c5 13. a3 a6 14. Bf5 Bxf5 15. Qxf5 g6 16. Qc2 cxd4 17. Nxd4 Ne4 18. Bxe7 Qxe7 19. Nxd5 Qe5 20. Nc3 Nxc3 21. bxc3 Nc5 22. Rb4 Rfd8 23. Rfb1 Rd7 24. Nf3 Qe7 25. Rd4 Rdc7 26. a4 Ne6 27. Rd3 Qf6 28. Nd4 Nc5 29. Rdd1 Qe7 30. Rb6 Qe8 31. Rb4 Ne4 32. Qb2 Nxc3 33. Re1 Nxa4 34. Qb3 Nc5 35. Qb1 Qe7 36. Rc1 Nd3 37. Rxc7 Rxc7 0-1

[Event "EYCC 2017"]
[Site "Mamaia"]
[Date "2017.09.06"]
[Round "2"]
[White "Bellahcene, Sofia"]
[Black "Toncheva, Nadya"]
[Result "0-1"]
[ECO "B43"]
[WhiteElo "1652"]
[BlackElo "1802"]
[Annotator "NA"]
[PlyCount "82"]
[EventDate "2017.??.??"]
[EventType "swiss"]
[EventCountry "ROU"]
[SourceTitle "playchess.com"]
[Source "ChessBase"]
[SourceQuality "1"]
[TimeControl "40/5400+30:1800+30"]

1. e4 c5 2. Nf3 e6 3. d4 cxd4 4. Nxd4 a6 5. Nc3 Qc7 6. g3 Nf6 7. Bg2 d6 8. O-O Be7 9. Kh1 Nc6 10. Nb3 O-O 11. a4 b6 12. f4 Bb7 13. g4 Nd7 14. g5 Nc5 15. Nxc5 dxc5 16. Qh5 Nd4 17. Rf2 b5 18. Be3 Rfd8 19. Nd1 g6 20. Qh4 Rd7 21. Qg4 Bf8 22. h4 Bg7 23. h5 Rad8 24. hxg6 hxg6 25. axb5 axb5 26. Kg1 Bc6 27. e5 Bxg2 28. Rxg2 Qc6 29. Bxd4 Rxd4 30. Ne3 Bxe5 31. fxe5 Rxg4 32. Nxg4 Qf3 33. Nf6+ Kg7 34. b3 Qe3+ 35. Kf1 Qxe5 36. Re1 Qf5+ 37. Kg1 Qf4 38. Rf1 Qd4+ 39. Kh1 Rh8+ 40. Rh2 Rxh2+ 41. Kxh2 Qh4+ 0-1

[Event "EYCC 2017"]
[Site "Mamaia"]
[Date "2017.09.06"]
[Round "2"]
[White "Tsotsonava, Elene"]
[Black "Zvereva, Margarita"]
[Result "0-1"]
[ECO "B92"]
[WhiteElo "1644"]
[BlackElo "1790"]
[Annotator "NA"]
[PlyCount "149"]
[EventDate "2017.??.??"]
[EventType "swiss"]
[EventCountry "ROU"]
[SourceTitle "playchess.com"]
[Source "ChessBase"]
[SourceQuality "1"]
[TimeControl "40/5400+30:1800+30"]

1. e4 c5 2. Nf3 d6 3. d4 cxd4 4. Nxd4 Nf6 5. Nc3 a6 6. Be2 e5 7. Nb3 Be7 8. Bg5 Nbd7 9. a4 b6 10. O-O Bb7 11. Nd2 Nc5 12. Bxf6 Bxf6 13. Nc4 Be7 14. Nd5 Nxe4 15. Nxe7 Kxe7 16. f4 b5 17. Ne3 Qb6 18. Qd3 Nc5 19. Nf5+ Kd7 20. Qe3 Nxa4 21. Rxa4 Qxe3+ 22. Nxe3 bxa4 23. fxe5 Rhf8 24. Bg4+ Kc7 25. exd6+ Kxd6 26. Nf5+ Kc7 27. Nxg7 Bc8 28. Bxc8 Raxc8 29. Rf4 Kb7 30. c3 a3 31. bxa3 Rxc3 32. a4 Rc2 33. Nf5 Rd8 34. Ne3 Rc7 35. Kf2 Rd2+ 36. Kf3 Re7 37. Nc4 Rd3+ 38. Kg4 Rd5 39. Kg3 Rg5+ 40. Kf3 Rd5 41. h3 Red7 42. Rf6 a5 43. Rf4 f5 44. Ne3 Rd3 45. Kf2 R3d4 46. Rxf5 Rxa4 47. g4 Ra2+ 48. Kf3 a4 49. Ra5 Kb8 50. h4 a3 51. h5 Ra7 52. Rxa7 Kxa7 53. Nc4 Rf2+ 54. Kxf2 a2 55. Kf3 a1=Q 56. Ne3 Qf6+ 57. Nf5 Qg5 58. Ng3 Kb7 59. Ne4 Qe5 60. Nf2 Kc6 61. Nd3 Qf6+ 62. Ke4 Kd7 63. Nf4 Qg5 64. Kf3 Qh4 65. Ne2 Qh1+ 66. Kg3 Qe1+ 67. Kf3 Qf1+ 68. Ke3 Qg2 69. Nf4 Qg3+ 70. Ke4 Qxg4 71. Ke5 Qg5+ 72. Ke4 Kd6 73. Kf3 Qf5 74. Ke3 h6 75. Kd4 {Ke5+} 0-1

[Event "EYCC 2017"]
[Site "Mamaia"]
[Date "2017.09.06"]
[Round "2"]
[White "Veremiuk, Veronika"]
[Black "Vlasova, Olesia"]
[Result "0-1"]
[ECO "E81"]
[WhiteElo "1609"]
[BlackElo "1341"]
[Annotator "NA"]
[PlyCount "84"]
[EventDate "2017.??.??"]
[EventType "swiss"]
[EventCountry "ROU"]
[SourceTitle "playchess.com"]
[Source "ChessBase"]
[SourceQuality "1"]
[TimeControl "40/5400+30:1800+30"]

1. d4 Nf6 2. c4 g6 3. Nc3 Bg7 4. e4 d6 5. f3 O-O 6. Be3 Nfd7 7. Qd2 c5 8. Nge2 Nc6 9. O-O-O Qa5 10. f4 a6 11. d5 Ncb8 12. h4 b5 13. cxb5 axb5 14. a3 b4 15. Nb1 Nb6 16. axb4 cxb4 17. Nd4 Bg4 18. Nc2 Bxd1 19. Kxd1 Na6 20. Bxa6 Qxa6 21. Nxb4 Qa1 22. Bxb6 Qxb1+ 23. Qc1 Qxc1+ 24. Kxc1 Ra1+ 25. Kc2 Rxh1 26. Nc6 Rc8 27. Kb3 Bf8 28. Bd8 Rc1 29. Bxe7 R1xc6 30. dxc6 Bxe7 31. Kb4 Rxc6 32. Kb5 Rc5+ 33. Ka4 d5 34. exd5 Rxd5 35. b4 Rd4 36. Ka5 Rxb4 37. Ka6 Kf8 38. Ka7 Ke8 39. Ka8 Kd7 40. Ka7 Kc6 41. Ka8 Kc7 42. Ka7 Ra4# 0-1

[Event "EYCC 2017"]
[Site "Mamaia"]
[Date "2017.09.06"]
[Round "2"]
[White "Dias, Savin"]
[Black "Milikow, Elie"]
[Result "0-1"]
[ECO "B30"]
[WhiteElo "1602"]
[BlackElo "1977"]
[Annotator "NA"]
[PlyCount "68"]
[EventDate "2017.??.??"]
[EventType "swiss"]
[EventCountry "ROU"]
[SourceTitle "playchess.com"]
[Source "ChessBase"]
[SourceQuality "1"]
[TimeControl "40/5400+30:1800+30"]

1. e4 c5 2. Nf3 Nc6 3. Bb5 a6 4. Bxc6 bxc6 5. c3 g6 6. O-O Bg7 $14 7. d4 cxd4 8. cxd4 Nf6 9. Re1 O-O 10. Nc3 d6 11. h3 Nd7 12. Be3 Rb8 13. Qd2 e5 14. Red1 Nb6 15. b3 Nd7 16. Rac1 f5 17. dxe5 dxe5 18. exf5 gxf5 19. Na4 Qc7 20. Qd6 Qxd6 21. Rxd6 e4 22. Ng5 Ne5 23. Bd4 Rb4 24. Bxe5 Bxe5 25. Rdxc6 Bd7 26. R6c4 Rxc4 27. Rxc4 Rd8 28. h4 Bxa4 29. f4 Bxf4 30. Rxa4 Rd1+ 31. Kf2 e3+ 32. Ke2 Rd2+ 33. Kf1 Bg3 34. Nf3 e2+ 0-1

[Event "EYCC 2017"]
[Site "Mamaia"]
[Date "2017.09.06"]
[Round "2"]
[White "Miron, Iurii"]
[Black "Maurizzi, Marc Andria"]
[Result "0-1"]
[ECO "A62"]
[WhiteElo "1594"]
[BlackElo "1947"]
[Annotator "NA"]
[PlyCount "82"]
[EventDate "2017.??.??"]
[EventType "swiss"]
[EventCountry "ROU"]
[SourceTitle "playchess.com"]
[Source "ChessBase"]
[SourceQuality "1"]
[TimeControl "40/5400+30:1800+30"]

1. d4 Nf6 2. c4 e6 3. Nf3 c5 4. d5 exd5 5. cxd5 d6 6. Nc3 g6 7. g3 Bg7 8. Bg2 O-O 9. O-O a6 10. a4 Re8 11. Re1 Bg4 12. Nd2 Bc8 13. Nc4 Qc7 14. Bf4 Bf8 15. e4 Nh5 16. Bd2 Nd7 17. f4 Bg7 18. g4 Bd4+ 19. Kh1 Nhf6 20. g5 Nb6 21. Nxb6 Ng4 22. Rf1 Qxb6 23. Qe2 h5 24. h3 Kg7 25. Bf3 Rh8 26. Kg2 Rh7 27. hxg4 hxg4 28. Bxg4 Bxg4 29. Qxg4 Rah8 30. Rh1 Rxh1 31. Rxh1 Rxh1 32. Kxh1 Qxb2 33. f5 gxf5 34. exf5 Qxd2 35. f6+ Kg6 36. Ne4 Qa2 37. Ng3 Qxd5+ 38. Kh2 Qxg5 39. Qe4+ Kxf6 40. Qf3+ Ke6 41. Qe4+ Be5 0-1

[Event "EYCC 2017"]
[Site "Mamaia"]
[Date "2017.09.06"]
[Round "2"]
[White "Gasimova, Samra"]
[Black "Putar, Lara"]
[Result "1-0"]
[ECO "D37"]
[WhiteElo "1578"]
[BlackElo "1328"]
[Annotator "NA"]
[PlyCount "87"]
[EventDate "2017.??.??"]
[EventType "swiss"]
[EventCountry "ROU"]
[SourceTitle "playchess.com"]
[Source "ChessBase"]
[SourceQuality "1"]
[TimeControl "40/5400+30:1800+30"]

1. d4 Nf6 2. Nf3 e6 3. c4 d5 4. Nc3 Be7 5. Bg5 h6 6. Bf4 O-O 7. e3 b6 8. cxd5 exd5 9. Bd3 Bb7 10. O-O Nbd7 11. Rc1 Rc8 12. Qe2 Re8 13. Ba6 Bxa6 14. Qxa6 Ra8 15. Nb5 Rc8 16. Bxc7 Rxc7 17. Nxc7 Rf8 18. Nb5 Ne4 19. Nc3 Qa8 20. Qb5 Ndf6 21. Nxe4 Nxe4 22. Qc6 Qxc6 23. Rxc6 Bd6 24. Rfc1 f5 25. Rc8 Rxc8 26. Rxc8+ Kf7 27. Ra8 a5 28. Ra6 g5 29. Rxb6 Ke7 30. Ne5 Kf8 31. f3 Bxe5 32. fxe4 Bg7 33. exd5 Ke7 34. d6+ Kd8 35. Rb8+ Kd7 36. Rb7+ Ke6 37. Rxg7 Kxd6 38. Ra7 Kd5 39. Rxa5+ Ke4 40. Re5+ Kd3 41. d5 g4 42. d6 g3 43. d7 gxh2+ 44. Kxh2 1-0

[Event "EYCC 2017"]
[Site "Mamaia"]
[Date "2017.09.06"]
[Round "2"]
[White "Poliato, Irina"]
[Black "Tokarz, Izabela"]
[Result "0-1"]
[ECO "D31"]
[WhiteElo "1569"]
[BlackElo "1324"]
[Annotator "NA"]
[PlyCount "92"]
[EventDate "2017.??.??"]
[EventType "swiss"]
[EventCountry "ROU"]
[SourceTitle "playchess.com"]
[Source "ChessBase"]
[SourceQuality "1"]
[TimeControl "40/5400+30:1800+30"]

1. d4 d5 2. c4 e6 3. Nc3 f5 4. Bf4 c6 5. e3 Nf6 6. Rc1 Bd6 7. Bxd6 Qxd6 8. cxd5 exd5 9. Bd3 O-O 10. Nge2 Qe7 11. Qc2 Ne4 12. Bxe4 fxe4 13. Nf4 Nd7 14. h3 Nf6 15. Kd2 Qe8 16. g4 g5 17. Nfe2 Nd7 18. Rh2 Nb6 19. b3 Rf3 20. Rg1 Rf6 21. Ke1 Be6 22. h4 gxh4 23. Rxh4 Qe7 24. Rgh1 Rf7 25. Nf4 Rg7 26. Qe2 Bd7 27. Nh5 Rf7 28. Qf1 Raf8 29. Nf4 Rg7 30. Qg2 Qa3 31. g5 Qb2 32. Nd1 Qxa2 33. Ne2 Qxb3 34. Rh6 Qc2 35. Rxh7 Rxh7 36. Rxh7 Kxh7 37. Qh2+ Kg7 38. Qh6+ Kf7 39. Nf4 Bg4 40. Qf6+ Ke8 41. f3 Rxf6 42. fxg4 Rxf4 43. exf4 Nc4 44. g6 Qd2+ 45. Kf1 Qxd1+ 46. Kg2 Qxg4+ 0-1

[Event "EYCC 2017"]
[Site "Mamaia"]
[Date "2017.09.06"]
[Round "2"]
[White "Smietanska, Wiktoria"]
[Black "Abbasova, Zarifa"]
[Result "1-0"]
[ECO "C42"]
[WhiteElo "1446"]
[BlackElo "1083"]
[Annotator "NA"]
[PlyCount "141"]
[EventDate "2017.??.??"]
[EventType "swiss"]
[EventCountry "ROU"]
[SourceTitle "playchess.com"]
[Source "ChessBase"]
[SourceQuality "1"]
[TimeControl "40/5400+30:1800+30"]

1. e4 e5 2. Nf3 Nf6 3. Nxe5 d6 4. Nf3 Nxe4 5. Qe2 Qe7 6. d3 Nf6 7. Bg5 Qxe2+ 8. Bxe2 Be7 9. Nc3 O-O 10. O-O h6 11. Be3 Nc6 12. h3 Bf5 13. Nd4 Nxd4 14. Bxd4 c5 15. Be3 d5 16. Bd2 d4 17. Nd1 b6 18. Bf3 Rad8 19. Bf4 Bd6 20. Bxd6 Rxd6 21. b3 Re8 22. Nb2 Rde6 23. Rfd1 g5 24. g4 Bg6 25. Kf1 h5 26. Re1 Kf8 27. Nc4 b5 28. Nd2 hxg4 29. hxg4 Rxe1+ 30. Rxe1 Rxe1+ 31. Kxe1 Ke7 32. Bc6 b4 33. f3 Kd6 34. Bb5 Nd5 35. Nc4+ Ke7 36. a3 Ne3 37. a4 Nxc2+ 38. Kd2 Na1 39. Na5 Kd6 40. Kc1 Kc7 41. Kb2 a6 42. Be8 Nxb3 43. Nxb3 Bxd3 44. Nxc5 Bc4 45. Ne4 d3 46. Nxg5 b3 47. Kc3 f6 48. Ne4 Kd8 49. Kxc4 b2 50. Nd2 Kxe8 51. Kxd3 Ke7 52. Kc2 Ke6 53. Kxb2 Ke5 54. Kc3 Kf4 55. Kd4 a5 56. Nc4 Kxf3 57. Nxa5 Kxg4 58. Nc4 f5 59. Ne3+ Kf4 60. Nxf5 Kxf5 61. a5 Ke6 62. a6 Kd6 63. a7 Ke6 64. a8=Q Kd6 65. Qa6+ Ke7 66. Ke5 Kd7 67. Qd6+ Kc8 68. Qe7 Kb8 69. Kd6 Ka8 70. Kc6 Kb8 71. Qb7# 1-0

[Event "EYCC 2017"]
[Site "Mamaia"]
[Date "2017.09.06"]
[Round "2"]
[White "Zubkovskaya, Ekaterina"]
[Black "Toth, Timea"]
[Result "1/2-1/2"]
[ECO "B24"]
[WhiteElo "1399"]
[BlackElo "1964"]
[Annotator "NA"]
[PlyCount "65"]
[EventDate "2017.??.??"]
[EventType "swiss"]
[EventCountry "ROU"]
[SourceTitle "playchess.com"]
[Source "ChessBase"]
[SourceQuality "1"]
[TimeControl "40/5400+30:1800+30"]

1. e4 c5 2. Nc3 Nc6 3. Bb5 g6 4. Nf3 Bg7 5. O-O e6 6. Bxc6 bxc6 7. d3 h6 8. d4 Ba6 9. Re1 d6 10. d5 Ne7 11. dxc6 Nxc6 12. Nd2 O-O 13. f4 Bd4+ 14. Kh1 Bf2 15. b3 Bxe1 16. Qxe1 Qf6 17. Nf3 Nd4 18. Qd2 Nxf3 19. gxf3 c4 20. Bb2 Qe7 21. Rg1 Qh4 22. f5 exf5 23. exf5 Qh3 24. Qf2 Bb7 25. Ne4 Bxe4 26. fxe4 c3 27. Bc1 g5 28. Qe2 f6 29. Rg3 Qh4 30. Rg4 Qh3 31. Rg3 Qh4 32. Rg4 Qh3 33. Rg3 1/2-1/2

[Event "EYCC 2017"]
[Site "Mamaia"]
[Date "2017.09.06"]
[Round "2"]
[White "Salajan, Stefania"]
[Black "Pawicka, Magdalena"]
[Result "0-1"]
[ECO "A05"]
[WhiteElo "1327"]
[BlackElo "1826"]
[Annotator "NA"]
[PlyCount "120"]
[EventDate "2017.??.??"]
[EventType "swiss"]
[EventCountry "ROU"]
[SourceTitle "playchess.com"]
[Source "ChessBase"]
[SourceQuality "1"]
[TimeControl "40/5400+30:1800+30"]

1. Nf3 Nf6 2. b3 e6 3. Bb2 Be7 4. e3 d5 5. Bb5+ Bd7 6. Bxd7+ Nbxd7 7. d3 O-O 8. O-O c5 9. Nbd2 Rc8 10. c4 Qc7 11. Qe2 Rfd8 12. Rfd1 Bd6 13. h3 Ne5 14. Nxe5 Bxe5 15. Bxe5 Qxe5 16. Nf3 Qh5 17. Qd2 dxc4 18. bxc4 Rd7 19. Qc3 Rcd8 20. d4 cxd4 21. exd4 Ne4 22. Qc2 Ng5 23. Nxg5 Qxg5 24. Qb2 Qf6 25. Rac1 b6 26. Qa3 a5 27. c5 Rxd4 28. Rxd4 Qxd4 29. c6 h6 30. c7 Rc8 31. Qf3 Qd5 32. Qe2 Qd6 33. Qb5 Rxc7 34. Rxc7 Qxc7 35. g3 Kh7 36. Qd3+ g6 37. Qf3 b5 38. Qa3 b4 39. Qb3 Qc1+ 40. Kg2 Qd2 41. Qa4 Qd5+ 42. Kg1 e5 43. a3 bxa3 44. Qxa3 Qb5 45. Qe7 Kg7 46. Kg2 a4 47. h4 Qa5 48. Qa3 Qd5+ 49. Kg1 Qb3 50. Qc1 a3 51. Qa1 Qb2 52. Qxb2 axb2 53. Kg2 b1=Q 54. Kf3 Qd3+ 55. Kg2 Kf6 56. f3 Kf5 57. g4+ Kf4 58. h5 Qxf3+ 59. Kg1 Kg3 60. hxg6 Qg2# 0-1

[Event "EYCC 2017"]
[Site "Mamaia"]
[Date "2017.09.06"]
[Round "2"]
[White "Berezovsky, Fiorina"]
[Black "Chicarosie, Ioana-Bianca"]
[Result "1/2-1/2"]
[ECO "B34"]
[WhiteElo "1317"]
[BlackElo "1565"]
[Annotator "NA"]
[PlyCount "120"]
[EventDate "2017.??.??"]
[EventType "swiss"]
[EventCountry "ROU"]
[SourceTitle "playchess.com"]
[Source "ChessBase"]
[SourceQuality "1"]
[TimeControl "40/5400+30:1800+30"]

1. e4 c5 2. Nf3 Nc6 3. d4 cxd4 4. Nxd4 Nf6 5. Nc3 e5 6. Nxc6 bxc6 7. Bg5 Bb4 8. Bd3 O-O 9. O-O Bxc3 10. bxc3 d5 11. Bxf6 Qxf6 12. c4 d4 13. c5 Qe7 14. Rb1 Be6 15. a4 Qxc5 16. Kh1 Rab8 17. Qh5 f6 18. f4 Ba2 19. Ra1 Bf7 20. Qg4 Bc4 21. fxe5 fxe5 22. Rab1 Bxd3 23. cxd3 Rxb1 24. Rxb1 Qc2 25. Qd1 Qxd1+ 26. Rxd1 c5 27. Rb1 Rc8 28. Kg1 c4 29. dxc4 Rxc4 30. Rb8+ Kf7 31. Rb7+ Kf6 32. Rxa7 d3 33. Rd7 Rxa4 34. Rxd3 Rxe4 35. Kf2 Rd4 36. Ra3 Rd6 37. Kf3 Kf5 38. h3 e4+ 39. Ke3 Rd5 40. g3 Rd3+ 41. Rxd3 exd3 42. Kxd3 Ke5 43. Ke3 h5 44. Kf3 Kf5 45. g4+ hxg4+ 46. hxg4+ Ke5 47. g5 Kf5 48. g6 Kxg6 49. Kg4 Kf6 50. Kf4 g6 51. Kg4 g5 52. Kg3 Kf5 53. Kf3 g4+ 54. Kg3 Kg5 55. Kg2 Kf4 56. Kf2 g3+ 57. Kg2 Kg4 58. Kg1 Kh3 59. Kh1 g2+ 60. Kg1 Kg3 1/2-1/2

[Event "EYCC 2017"]
[Site "Mamaia"]
[Date "2017.09.06"]
[Round "2"]
[White "Suparski, Dmitrii"]
[Black "Samunenkov, Igor"]
[Result "0-1"]
[ECO "C42"]
[WhiteElo "1265"]
[BlackElo "1794"]
[Annotator "NA"]
[PlyCount "104"]
[EventDate "2017.??.??"]
[EventType "swiss"]
[EventCountry "ROU"]
[SourceTitle "playchess.com"]
[Source "ChessBase"]
[SourceQuality "1"]
[TimeControl "40/5400+30:1800+30"]

1. e4 e5 2. Nf3 Nf6 3. Nxe5 Nxe4 4. Qe2 Qe7 5. Qxe4 d6 6. Nc3 Qxe5 7. Qxe5+ dxe5 8. Bc4 Be7 9. Nd5 Bd6 10. O-O O-O 11. d3 c6 12. Nc3 Nd7 13. Ne4 Be7 14. a4 Nb6 15. Ba2 Nd5 16. c4 Nb4 17. Be3 Bf5 18. Bb3 Nxd3 19. Ng3 Be6 20. Rab1 f5 21. f4 exf4 22. Bxf4 Nxf4 23. Rxf4 g5 24. Rd4 Bc5 25. Rbd1 Bxd4+ 26. Rxd4 Rad8 27. Rxd8 Rxd8 28. Bc2 Rd2 29. Bxf5 Bxc4 30. b4 Bd5 31. Ne4 Bxe4 32. Bxe4 Rd4 33. Bc2 Rxb4 34. g3 c5 35. Kf1 Rb2 36. Bd1 c4 37. Bf3 c3 38. Bd1 c2 39. Bxc2 Rxc2 40. Ke1 Rxh2 41. Kf1 h5 42. Kg1 Ra2 43. Kh1 Kg7 44. Kg1 Kf6 45. Kf1 Ke5 46. Ke1 Ke4 47. Kd1 h4 48. gxh4 gxh4 49. Kc1 h3 50. Kb1 Rg2 51. Kc1 h2 52. Kd1 h1=Q# 0-1

[Event "EYCC 2017"]
[Site "Mamaia"]
[Date "2017.09.06"]
[Round "2"]
[White "Tokarcik, Jan"]
[Black "Royal, Shreyas"]
[Result "0-1"]
[ECO "B72"]
[WhiteElo "1211"]
[BlackElo "1700"]
[Annotator "NA"]
[PlyCount "74"]
[EventDate "2017.??.??"]
[EventType "swiss"]
[EventCountry "ROU"]
[SourceTitle "playchess.com"]
[Source "ChessBase"]
[SourceQuality "1"]
[TimeControl "40/5400+30:1800+30"]

1. e4 c5 2. Nf3 d6 3. d4 cxd4 4. Nxd4 Nf6 5. Nc3 g6 6. Be3 Bg7 7. Be2 O-O 8. O-O a6 9. Qd2 b5 10. a3 Bb7 11. Bd3 Ng4 12. Rae1 Qc7 13. h3 Nxe3 14. Qxe3 Nd7 15. f4 Rac8 16. f5 Qb6 17. Nce2 Ne5 18. fxg6 hxg6 19. Nf4 Nxd3 20. Qxd3 Qxd4+ 21. Kh2 Qxd3 22. cxd3 Bxb2 23. Rf3 Bxa3 24. h4 b4 25. h5 g5 26. Rg3 b3 27. Rxg5+ Kh7 28. Re3 b2 29. Reg3 Rg8 30. h6 b1=Q 31. Kh3 Qh1+ 32. Kg4 Rxg5+ 33. Kxg5 Rg8+ 34. Ng6 Rxg6+ 35. Kf4 Qf1+ 36. Rf3 Bc1+ 37. Kf5 e6# 0-1